 Dungeon Crawl Stone Soup version 0.25-a0-425-g0e000e8 (webtiles) character file.

Game seed: 13061571999914775548, levelgen mode: deterministic

660 Auros the Chopper (level 7, -4/61 HPs)
             Began as a Hill Orc Fighter on Jan 24, 2020.
             Was an Initiate of Beogh.
             Splashed by an orc's acid (14 damage)
             ... on level 5 of the Dungeon.
             The game lasted 00:13:16 (5504 turns).

Auros the Chopper (Hill Orc Fighter)                Turns: 5504, Time: 00:13:17

Health: -4/61      AC: -1    Str: 28    XL:     7   Next: 56%
Magic:  7/7        EV:  8    Int:  8    God:    Beogh [......]
Gold:   326        SH: 11    Dex: 15    Spells: 6/6 levels left

rFire    . . .     SeeInvis .   a - +0 war axe
rCold    . . .     Gourm    .   c - +0 shield
rNeg     + . .     Faith    .   r - +0 ring mail "Niemub" {rElec rN+ Str+2 Dex+4}
rPois    .         Spirit   .   (no helmet)
rElec    +         Reflect  .   (no cloak)
rCorr    .         Harm     .   (no gloves)
MR       .....                  (no boots)
Stlth    +.........             (no amulet)
HPRegen  0.20/turn              j - +6 ring of strength
MPRegen  0.10/turn              (no ring)

@: corroded
A: no striking features
a: Renounce Religion


You were on level 5 of the Dungeon.
You worshipped Beogh.
Beogh was noncommittal.
You were not hungry.

You visited 1 branch of the dungeon, and saw 5 of its levels.

You collected 326 gold pieces.

Inventory:

Hand Weapons
 a - a +0 war axe (weapon)
Missiles
 e - 73 arrows
 v - 31 sling bullets
 Z - 150 stones (quivered)
Armour
 b - a +0 scale mail
 c - a +0 shield (worn)
 r - the +0 ring mail "Niemub" (worn) {rElec rN+ Str+2 Dex+4}
   (You found it on level 4 of the Dungeon)

   It affects your strength (+2).
   It affects your dexterity (+4).
   It insulates you from electricity.
   It protects you from negative energy.
Jewellery
 j - a +6 ring of strength (left hand)
Wands
 m - a wand of polymorph (2)
Scrolls
 f - 8 scrolls of teleportation {unknown}
 i - 5 scrolls of identify {unknown}
 n - 2 scrolls of enchant armour {unknown}
 o - a scroll of random uselessness {unknown}
 p - a scroll of fear {unknown}
 q - a scroll of immolation {unknown}
 s - a scroll of fog {unknown}
 w - a scroll of magic mapping {unknown}
Potions
 d - a potion of might
 g - a potion of flight {unknown}
 h - 2 potions of agility {unknown}
 k - 3 potions of curing {unknown}
 l - a potion of heal wounds {unknown}
 t - a potion of ambrosia {unknown}
 u - 2 potions of haste
Comestibles
 x - 2 chunks of flesh
 z - 7 rations


   Skills:
 + Level 5.4 Fighting
 * Level 7.6 Axes
 + Level 4.9 Armour
 + Level 4.9 Shields


You had 6 spell levels left.
You didn't know any spells.
Your spell library was empty.

Dungeon Overview and Level Annotations

Branches:
Dungeon (5/15)
 Temple: D:4-7

Altars:
Ashenzari
Cheibriados
Kikubaaqudgha
Okawaru
Uskayaw

Annotations:
D:4 1 runed translucent door, FeloniousTub's ghost, amateur MiBe


Message History

With a roar of approval, the orcs welcome you as one of their own, and spare your life.
Search for what [Enter for "alt", or ? for help]? fire An orc and an orc priest come into view.
The orc is wielding a +0 mace and carrying a wand of acid (6).
The orc priest shouts!
The orc shouts!
The orc priest moves out of view.
There is an open door here.
The orc zaps a wand.
The bolt of acid hits you!
* * * LOW HITPOINT WARNING * * *
The acid corrodes you!
You are splashed with acid!
* * * LOW HITPOINT WARNING * * *
There is an open door here.
The orc priest calls down the wrath of Beogh upon you.
You struggle to resist.
You close the door.
The orc zaps a wand.
The bolt of acid hits you!!
* * * LOW HITPOINT WARNING * * *
The acid corrodes you!
You are splashed with acid!
You die...
Beogh appreciates the orc's killing of a heretic priest.

###.##...................<####
#..^.....>....................
######...#.###################
##.......# #.......# ######
####### #.......# #....#
#......
#.......###....###.#####
#........oo....'........
#.....@.###....###.####.
#.......# #....# #.# #.
#.......# #....# #.# #.
#.......###....###.# #.
...........+.o......# #.
############.o..##### #.
#..o.#### #. ####....#####.
#......'.....


You could see an orc priest and an orc.

Vanquished Creatures
  Duvessa (D:5)
  An ice beast (D:5)
  A phantom (D:4)
  An ogre (D:5)
  Dowan (D:5)
  A howler monkey (D:5)
  An iguana (D:4)
  Terence (D:2)
  A worker ant (D:5)
  A worker ant zombie (D:5)
  3 adders
  An ooze (D:1)
  2 adder zombies (D:5)
  A worm (D:2)
  2 adder skeletons
  A dart slug (D:4)
  3 leopard geckos
  An orc (D:5)
  7 goblins
  5 hobgoblins
  2 quokkas
  A ball python (D:2)
  3 bats
  3 frilled lizards
  A jackal skeleton (D:3)
  13 kobolds
  A leopard gecko skeleton (D:5)
  6 rats
66 creatures vanquished.

Vanquished Creatures (others)
  A kobold (D:2)
1 creature vanquished.

Grand Total: 67 creatures vanquished

Notes
Turn   | Place    | Note
-------+----------+-------------------------------------------
     0 | D:1      | Auros the Hill Orc Fighter began the quest for the Orb.
     0 | D:1      | Reached XP level 1. HP: 19/19 MP: 1/1
   487 | D:1      | Reached skill level 3 in Axes
   487 | D:1      | Reached XP level 2. HP: 22/27 MP: 2/2
  1452 | D:2      | Reached skill level 4 in Axes
  1492 | D:2      | Reached XP level 3. HP: 33/33 MP: 3/3
  1596 | D:2      | Found a hide-covered altar of Uskayaw.
  2249 | D:2      | Reached XP level 4. HP: 40/40 MP: 4/4
  2336 | D:2      | Noticed Terence
  2365 | D:2      | Killed Terence
  2365 | D:2      | Reached skill level 5 in Axes
  2694 | D:3      | Found an ancient bone altar of Kikubaaqudgha.
  3064 | D:3      | Found an iron altar of Okawaru.
  3546 | D:4      | Reached XP level 5. HP: 44/46 MP: 5/5
  3576 | D:4      | Noticed a phantom
  3587 | D:4      | Killed a phantom
  3587 | D:4      | Reached skill level 6 in Axes
  3639 | D:4      | Reached XP level 6. HP: 53/53 MP: 6/6
  3643 | D:4      | Got a distressingly furry ring mail
  3654 | D:4      | Identified the +0 ring mail "Niemub" {rElec rN+ Str+2
                  | Dex+4} (You found it on level 4 of the Dungeon)
  3672 | D:4      | Found a runed translucent door.
  3693 | D:4      | Found a shattered altar of Ashenzari.
  3997 | D:4      | Noticed FeloniousTub's ghost (amateur MiBe)
  4361 | D:5      | Entered Level 5 of the Dungeon
  4526 | D:5      | Noticed an ice beast
  4722 | D:5      | Killed an ice beast
  4819 | D:5      | Found a snail-covered altar of Cheibriados.
  4978 | D:5      | Noticed Dowan
  4979 | D:5      | Noticed Duvessa
  4993 | D:5      | Killed Duvessa
  4993 | D:5      | Reached skill level 5 in Fighting
  4993 | D:5      | Reached skill level 7 in Axes
  4993 | D:5      | Reached XP level 7. HP: 47/61 MP: 7/7
  5006 | D:5      | Killed Dowan
  5488 | D:5      | Became a worshipper of Beogh the Brigand
  5504 | D:5      | Splashed by an orc's acid

Levels and vault maps discovered:
D:1:      dpeg_arrival_circle_labyrinth_a, layout_basic
D:2:      layout_loops_ring, old_standard_altar, first_ration, uniq_terence
D:3:      layout_basic, lemuel_round_altar, okawaru_gym_becter
D:4:      layout_layer_cave, evilmike_ruin_ashenzari, ebering_ghost_sewer_d
D:5:      layout_basic, lemuel_crystal_altar, uniq_duvessa

Skill      XL: |  1  2  3  4  5  6 |
---------------+-------------------+-----
Axes           | 3 4 5 6 7 |  7.6
Fighting       | 4 5 |  5.4
Armour         | 4 |  4.9
Shields        | 4 |  4.9

Action                   |  1- 3 |  4- 6 |  7- 9 || total
-------------------------+-------+-------+-------++-------
Melee: War axe           |   131 |   124 |    14 ||   269
       Unarmed           |       |    16 |       ||    16
Throw: Stone             |    78 |    84 |     3 ||   165
Invok: Convert to Beogh  |       |       |     1 ||     1
  Use: Potion            |       |     1 |       ||     1
 Stab: Confused          |       |     1 |       ||     1
  Eat: Chunk             |     4 |     8 |     3 ||    15
Armor: Scale mail        |    44 |    29 |       ||    73
       Skin              |       |     1 |       ||     1
       Ring mail         |       |    20 |     3 ||    23
Dodge: Dodged            |    33 |    35 |     1 ||    69
Block: Shield            |    60 |    56 |     7 ||   123

Table legend:
 A = Non-vault XP
 B = Vault XP
 C = Vault XP percentage of total XP
 D = Non-vault monster count
 E = Vault monster count
 F = Vault count percentage of total count
                 A         B        C        D         E       F
            +---------+---------+-------+---------+---------+-------
      Total |     677 |     266 |  28.2 |      64 |       3 |   4.5
            +---------+---------+-------+---------+---------+-------
        D:1 |      29 |       0 |   0.0 |      15 |       0 |   0.0
        D:2 |      58 |      36 |  38.3 |      22 |       1 |   4.3
        D:3 |      29 |       0 |   0.0 |      11 |       0 |   0.0
        D:4 |     172 |       0 |   0.0 |       4 |       0 |   0.0
        D:5 |     389 |     230 |  37.2 |      12 |       2 |  14.3
            +---------+---------+-------+---------+---------+-------
